Cogmind - Beta 16 @@@ ROGUE MODE // 2025.11.20 @ 18:26:36 Player: Patryk Z Result: Destroyed by V3-OJY(R) with Subdweller Machine Gun Performance ------------- Evolutions (0) 0 Regions Visited (2) 400 Robots Destroyed (34) 170 Value Destroyed (604) 604 Prototype IDs (14) 280 Alien Tech Used (0) 0 Bonus (0) 0 TOTAL SCORE: 1454 Bonus ------- None Cogmind --------- Core Integrity 0/250 Matter 231/300 Energy 160/160 System Corruption 0% Temperature Cool (0) Movement Treading (240) Ox1 Location -10/Subcaves Parts ------- > --- POWER (1) -------- Light Nuclear Core > --- PROPULSION (2) --- Light Treads Light Treads > --- UTILITY (2) ------ High-capacity Storage Unit Structural Scanner > --- WEAPON (2) ------- Light Cannon Light Cannon > --- INVENTORY (20) --- Ion Engine Light Ion Engine Light Treads Light Treads Compact Wheel Flightbrick Heat Sink Huge Storage Unit High-capacity Battery (250) Medium Matter Pod (100) Sensor Array Signal Interpreter Seismic Detector Mining Laser Scrap Shield Fragment (49) Scrap Shield Fragment (48) Peak State ------------ > --- POWER ------------ Light Nuclear Core > --- PROPULSION ------- Light Treads Light Treads > --- UTILITY ---------- High-capacity Storage Unit Structural Scanner > --- WEAPON ----------- Battle Rifle Light Cannon > --- INVENTORY -------- Ion Engine Light Ion Engine Light Treads Light Treads Compact Wheel Flightbrick Heat Sink Huge Storage Unit High-capacity Battery Medium Matter Pod Sensor Array Signal Interpreter Seismic Detector Light Cannon Mining Laser Scrap Shield Fragment Scrap Shield Fragment [Rating: 15] Favorites ----------- Power Light Nuclear Core Engine Ion Engine Power Core Light Nuclear Core Propulsion Light Treads Treads Light Treads Leg Aluminum Leg Utility High-capacity Storage Unit Device Structural Scanner Storage High-capacity Storage Unit Weapon Light Cannon Energy Gun Small Laser Ballistic Gun Light Assault Rifle Ballistic Cannon Light Cannon Special Weapon Mining Laser Build | -11 -10 -10 ------- Run | Yrd Mat Sub Slots Evolved . | . . . Power . | . . . Propulsion . | . . . Utility . | . . . Weapon . | . . . Parts Attached 27 | 8 14 5 Power 4 | 2 2 . Engine 3 | 2 1 . Core 1 | . 1 . Reactor . | . . . Propulsion 7 | 2 4 1 Treads 5 | . 4 1 Leg 2 | 2 . . Wheel . | . . . Hover . | . . . Flight . | . . . Utility 5 | 2 2 1 Device 2 | 1 1 . Storage 3 | 1 1 1 Processor . | . . . Hackware . | . . . Protection . | . . . Artifact . | . . . Weapon 11 | 2 6 3 Energy Gun 3 | 2 1 . Energy Cannon . | . . . Ballistic Gun 2 | . 1 1 Ballistic Cannon 5 | . 3 2 Launcher . | . . . Special Weapon 1 | . 1 . Impact Weapon . | . . . Slashing Weapon . | . . . Piercing Weapon . | . . . Special Melee Weapon . | . . . Unidentified Prototypes . | . . . Parts Lost 3 | . 2 1 Power . | . . . Propulsion 1 | . . 1 Utility 1 | . 1 . Weapon 1 | . 1 . Highest Loss Streak 2 | . 2 1 To Critical Strikes . | . . . Average Backups 14 | 4 14 16 Power 1 | . 1 2 Propulsion 5 | 2 5 5 Utility 5 | . 4 6 Weapon 2 | . 3 1 Tool/Special . | . . . Unused Backups 16 | . 1 15 Power 1 | . . 1 Propulsion 8 | . . 8 Utility 7 | . 1 6 Weapon . | . . . Tool/Special . | . . . Average Slot Usage (%) 98 | . 98 99 Engine 5 | . 8 . Core 8 | . 5 14 Treads 25 | . 24 27 Leg 2 | . 3 . Device 13 | . 12 14 Storage 14 | . 14 14 Energy Gun 2 | . 3 . Ballistic Gun 6 | . 8 2 Ballistic Cannon 17 | . 13 21 Special Weapon 1 | . 1 2 Peak Build Rating 15 | 7 10 15 Average Rating 9 | 5 8 12 On Entrance 5 | . 7 10 Avg Prop Armor Cover (%) . | . . . Naked Turns . | . . . Heaviest Build 92 | 13 51 92 Greatest Support 40 | 20 40 40 Greatest Overweight (x) 2 | 1 1 2 Average Overweight (x) . | . . 1 Largest Inventory Capacity 25 | 8 20 25 Average Capacity 18 | 7 18 20 Most Carried 20 | 5 20 20 Average Carried 15 | 4 14 19 Final Capacity 20 | 8 20 20 Final Carried 19 | 5 19 19 Class Distribution -------------------- 100% | Mutant Dominant Class ---------------- Mutant | -10/Materials Mutant | -10/Subcaves Resources | -11 -10 -10 ----------- Run | Yrd Mat Sub Matter Collected 1014 | 280 459 275 Remotely . | . . . Salvage Created 786 | 227 447 112 Parts 75 | 31 28 16 Haulers Intercepted 2 | . 2 . Recyclers Shooed 1 | 1 . . Parts Field Recycled . | . . . Retrieved Matter . | . . . Parts Self-Destructed 19 | . . 19 Prevented . | . . . Parts Restored . | . . . Kills | -11 -10 -10 ------- Run | Yrd Mat Sub Combat Hostiles Destroyed 20 | . 14 6 Guns 4 | . 4 . Cannons 16 | . 10 6 Classes Destroyed 9 | 3 4 2 Worker 2 | 2 . . Tunneler 8 | 7 1 . Hauler 2 | . 2 . Recycler 1 | 1 . . Watcher 1 | . 1 . Swarmer 9 | . 6 3 Grunt 8 | . 8 . Sentry 1 | . . 1 Subdweller 2 | . . 2 Best Kill Streak 8 | 8 3 3 Combat Bots Only 3 | . 3 3 Max Kills in Single Turn 1 | 1 1 1 Gunslinging . | . . . Exploded . | . . . Melee . | . . . Uniques/NPCs Destroyed . | . . . Combat | -11 -10 -10 -------- Run | Yrd Mat Sub Hostile Shots Fired 156 | . 73 83 Missed 41 | . 16 25 Hits 115 | . 57 58 Projectile 115 | . 57 58 Critical Strikes 2 | . 1 1 Damage Taken 1313 | . 613 700 Core 250 | . 128 122 Absorbed by Shields . | . . . Core Remaining (%) 100 | 100 . . Volleys Fired 125 | 23 64 38 Largest 2 | 2 2 2 Hottest 130 | 80 130 130 Shots Fired 222 | 46 110 66 Gun 118 | 46 61 11 Cannon 89 | . 46 43 Launcher . | . . . Special 15 | . 3 12 Kinetic 139 | . 85 54 Thermal 83 | 46 25 12 Explosive . | . . . Electromagnetic . | . . . Robot Hit Streak 12 | 10 12 12 Robot Miss Streak 3 | 3 3 1 Penetration Max . | . . . Secondary Targets . | . . . Shots Hit Robots 140 | 29 70 41 Core Hits 43 | 11 23 9 Critical Kills . | . . . Critical Parts Destroyed . | . . . Critical Strikes 3 | . 1 2 Burn 1 | . 1 . Blast 2 | . . 2 Melee Attacks . | . . . Impact . | . . . Slashing . | . . . Piercing . | . . . Sneak Attacks . | . . . Combat Hostiles . | . . . Follow-up Attacks . | . . . Damage Inflicted 1698 | 337 901 460 Guns 767 | 337 399 31 Cannons 931 | . 502 429 Explosions . | . . . Melee . | . . . Ramming . | . . . Kinetic 1202 | . 742 460 Thermal 496 | 337 159 . Explosive . | . . . Electromagnetic . | . . . Impact . | . . . Slashing . | . . . Piercing . | . . . Highest Corruption . | . . . Average Corruption . | . . . Corruption Purged . | . . . Corruption Blocked . | . . . Overload Shots . | . . . Overflow Damage . | . . . Projectiles . | . . . Explosions . | . . . Melee . | . . . Knockbacks 6 | . 3 3 Impact . | . . . Kinetic 6 | . 3 3 Secondary . | . . . Self-Inflicted Damage . | . . . Shots . | . . . Rammed . | . . . Targets Rammed . | . . . Kicked . | . . . Crushed . | . . . Highest Temperature 162 | 162 138 . Average Temperature 45 | 64 35 . Received Heat Transfer 423 | . 231 192 Siege Activations . | . . . Martial Activations . | . . . Shielding Activations . | . . . Robots Disrupted . | . . . Combat Hostiles . | . . . Robots Corrupted . | . . . Combat Hostiles . | . . . Parts Fried . | . . . Impact Corruptions . | . . . Robots Melted . | . . . Combat Hostiles . | . . . Parts Melted 1 | . . 1 Heat Transferred 1305 | 750 555 . Parts Sabotaged . | . . . Parts Stolen . | . . . Parts Stripped . | . . . Power Chain Reactions . | . . . Alert | -11 -10 -10 ------- Run | Yrd Mat Sub Maximum Alert Level . | . . . Low Security (%) 100 | 100 100 . Level 1 . | . . . Level 2 . | . . . Level 3 . | . . . Level 4 . | . . . Level 5 . | . . . High Security . | . . . Max Security . | . . . Peak Influence 77 | 15 77 . Initial 6 | . 6 . Average 28 | 3 30 . Influence Increases 763 | 50 483 230 Destroy 0b10 Robot/C 360 | . 280 80 Destroy 0b10 Robot/NC 70 | 50 20 . Destroy Leader 76 | . 76 . Successful Hack 13 | . 13 . Select Force Hacks 60 | . 60 . Disable Machine 30 | . 30 . Destroy Structure 4 | . 4 . Lose Combat Pursuer 150 | . . 150 Influence Decreases 585 | 40 429 116 Entered New Map 36 | . 4 32 Time Decay 529 | 40 405 84 Lost Part 20 | . 20 . Squads Dispatched 4 | . 4 . Investigation 2 | . 2 . Extermination . | . . . Reinforcement 2 | . 2 . Assault . | . . . Garrison . | . . . Intercept . | . . . Searches Triggered . | . . . Construction Impeded . | . . . Haulers Reinforced . | . . . Active Scanning Responses . | . . . Cargo Convoy Interrupts . | . . . Stealth | -11 -10 -10 --------- Run | Yrd Mat Sub Distress Signals 2 | . 2 . Communications Jammed . | . . . Distress Signals . | . . . Times Spotted 47 | . 29 18 Peak Tracking Total 6 | . 4 6 Tactical Retreats 6 | . . 6 Traps | -11 -10 -10 ------- Run | Yrd Mat Sub Traps Triggered 1 | . 1 . Indirectly . | . . . Trap Hack Attempts . | . . . Triggered . | . . . Disarmed . | . . . Reprogrammed . | . . . Reused . | . . . Traps Extracted . | . . . Installed . | . . . Triggered . | . . . Machines | -11 -10 -10 ---------- Run | Yrd Mat Sub Machines Disabled 3 | . 2 1 Max in Single Turn 1 | . 1 1 Machines Repaired . | . . . Machines Dismantled . | . . . Machines Sabotaged . | . . . Overloaded Fab Kills . | . . . Hacking | -11 -10 -10 --------- Run | Yrd Mat Sub Machines Accessed 11 | . 9 2 Terminals 7 | . 7 . Fabricators . | . . . Repair Stations . | . . . Recycling Units 2 | . 2 . Scanalyzers . | . . . Garrison Access . | . . . Total Hacks 32 | . 20 12 Successful 23 | . 11 12 Failed 9 | . 9 . Catastrophic 1 | . 1 . Database Lockouts . | . . . Manual 16 | . 16 . Terminals 18 | . 18 . Fabricators . | . . . Repair Stations . | . . . Recycling Units 2 | . 2 . Scanalyzers . | . . . Garrison Access . | . . . Terminal Hacks 18 | . 6 12 Record 11 | . . 11 Robot Analysis 2 | . 2 . Prototype ID Bank 1 | . 1 . Terminal Index 1 | . 1 . Locate Traps 2 | . 2 . Proto ID Catalog 1 | . . 1 Fabricator Hacks . | . . . Repair Station Hacks . | . . . Recycling Unit Hacks . | . . . Scanalyzer . | . . . Garrison Access Hacks . | . . . Unauthorized Hacks 5 | . 5 . Terminals 3 | . 3 . Botnet 2 | . 2 . Operators 1 | . 1 . Fabricators . | . . . Repair Stations . | . . . Recycling Units 2 | . 2 . Tunnel 2 | . 2 . Scanalyzers . | . . . Garrison Access . | . . . Data Cores Recovered . | . . . Used . | . . . Hacking Detections 6 | . 6 . Full Trace Events . | . . . Feedback Events . | . . . Feedback Blocked . | . . . Robot Schematics Acquired . | . . . Robots Built . | . . . Authchips . | . . . Time . | . . . Total Robot Build Rating . | . . . Part Schematics Acquired . | . . . Parts Built . | . . . Authchips . | . . . Time . | . . . Total Part Build Rating . | . . . Part Studies Acquired . | . . . Parts Repaired . | . . . Time . | . . . Parts Recycled . | . . . Recycled Matter . | . . . Retrieved Matter . | . . . Retrieved Components . | . . . Parts Scanalyzed . | . . . Part Schematics Acquired . | . . . Parts Damaged . | . . . Bothacking | -11 -10 -10 ------------ Run | Yrd Mat Sub Used RIF Installer . | . . . Robots Hacked . | . . . Non-combat . | . . . Combat . | . . . Robot Hacks Applied . | . . . Relay Couplers Released . | . . . Fabnet Peak Effective % . | . . . Robots Rewired . | . . . Allies Hacked . | . . . Hacks Repelled . | . . . Allies | -11 -10 -10 -------- Run | Yrd Mat Sub Total Allies . | . . . Largest Group . | . . . Highest-Rated Group . | . . . Highest-Rated Ally . | . . . Total Orders . | . . . Ally Attacks . | . . . Total Damage . | . . . Kills . | . . . Allies Corrupted . | . . . Allies Melted . | . . . Intel | -11 -10 -10 ------- Run | Yrd Mat Sub Active Infowar (turns) 3144 | 8 1769 1367 Structural 1933 | . 566 1367 Seismic 1211 | 8 1203 . Robot Analysis Total 2 | . 2 . Derelict Logs Recovered 2 | . . 2 Drone Launches . | . . . Drone Recoveries . | . . . Exploration | -11 -10 -10 ------------- Run | Yrd Mat Sub Turns Passed 3556 | 219 1970 1367 Spaces Moved 1282 | 63 734 485 Core 8 | 8 . . Treads 1056 | . 571 485 Legs 218 | 55 163 . Wheels . | . . . Hover . | . . . Flight . | . . . Fastest Speed 50 | 50 120 240 Average Speed 218 | 113 213 240 Slowest Speed 320 | 120 240 320 Overloaded Moves . | . . . Propulsion Burnouts . | . . . Robots Hopped . | . . . Potential Cave-ins . | . . . Cave-ins Triggered . | . . . Exploration Rate (%) 45 | 4 98 34 Regions Visited 2 Branch Regions 1 Pre-discovered Areas 5 | . 2 3 Known Exits Taken . | . . . Unknown Exits Taken 2 | 1 1 . Scrap Searched 4 | . . 4 Spaces Dug 2 | . 2 . Terrain Destroyed 2 | . 2 . Melee . | . . . Projectile 2 | . 2 . AOE . | . . . Terrain Rammed . | . . . Walls Destroyed . | . . . Machines Disabled . | . . . Actions | -11 -10 -10 --------- Run | Yrd Mat Sub Total 1796 | 160 1036 600 Wait 287 | 63 183 41 Move 1280 | 62 733 485 Hop . | . . . Pick Up 34 | 4 21 9 Fast Attach 12 | 7 3 2 Attach 13 | . 6 7 Detach 7 | . 6 1 Swap 12 | 1 7 4 Drop 26 | . 13 13 Fire 125 | 23 64 38 Melee . | . . . Ram . | . . . Kick . | . . . Crush . | . . . Escape Stasis . | . . . Rewire . | . . . Trap . | . . . Miscellaneous . | . . . Route ------- -11/Scrapyard -10/Materials (discovered 6 exits: [*Mat x3] / [*Min x2] / *Sub) -10/Subcaves (discovered 1 exit: [*Rec]) History --------- Turn | Location | Event 10 | -11/Scrapyard | Discovered new exit (range 15) 220 | -11/Scrapyard | Entered Materials 304 | -10/Materials | Build established: Mutant 356 | -10/Materials | Discovered new exit (range 6) 787 | -10/Materials | Discovered new exit (range 14) 1196 | -10/Materials | Discovered new exit (range 7) 1356 | -10/Materials | Discovered new exit (range 10) 1627 | -10/Materials | Discovered new exit (range 16) 1856 | -10/Materials | Discovered new exit (range 7) 1908 | -10/Materials | Core integrity fell below 50% 2190 | -10/Materials | Entered Subcaves 2191 | -10/Subcaves | Approached by a straggling Scientist 2523 | -10/Subcaves | A swath of the cavern ceiling suddenly collapsed 2652 | -10/Subcaves | Visited Clippyterm 2659 | -10/Subcaves | Learned Research security intel 2682 | -10/Subcaves | A swath of the cavern ceiling suddenly collapsed 2699 | -10/Subcaves | Learned location of Zion (-7) 2699 | -10/Subcaves | Met a Zionite searching for "candidates" 2829 | -10/Subcaves | Visited 4L-MR0's lab 2860 | -10/Subcaves | Found Flightbrick 3206 | -10/Subcaves | Disturbed a concealed Subdweller 3424 | -10/Subcaves | Discovered new exit (range 12) 3425 | -10/Subcaves | Core integrity fell below 20% 3557 | -10/Subcaves | Destroyed by V3-OJY(R) with Subdweller Machine Gun Last Messages --------------- 03402_ S-10 Pest knocked back. 03403_ Flight Unit fries itself beyond repair. 03405_ S-10 Pest destroyed. 03411_ Lgt. Assault Rifle fries itself beyond repair. 03414_ Destroyed Flight Unit. 03414_ S-10 Pest Lgt. Assault Rifle blasted off. 03414_ S-10 Pest destroyed. 03415_ Flight Unit fries itself beyond repair. 03417_ Acquired 19 matter. 03420_ Lgt. Ion Engine fries itself beyond repair. 03420_ Acquired 8 matter. 03422_ Subatomizers dissect the Sub. Machine Gun. 03424_ EXIT=FOUND 03432_ Acquired derelict log, extracted data. World map confirmed: -7/Zion. 03435_ Subatomizers dissect the Sub. Machine Gun. 9Q-NGJ(c): "I think it's somewhere west of here" 03518_ Acquired derelict log, extracted data. World map updated: -10/Materials. 03552_ 2D-VTU(R) knocked back. Map ----- +----------------------------------------------------+ | | | | | | | | | ?????????????????????????????????????????????????? | | ?????????????????????????????????????????????????? | | ?????????????????????????????????????????????????? | | ?????????????????????????????????????????????????? | | ?????????????????????????????????????????????????? | | ?????????????????????????????????????????????????? | | ?????????????????????????????????????????????????? | | ?????????????????????????????????????????????????? | | ?????????????????????????????????????????????????? | | ?????????????????????????????????????????????????? | | ?????????????????????????????????????????????????? | | ?????????????????????????????????????????????????? | | ?????????????????????????????????????????????????? | | ?????????????????????????##########??????????????? | | ?????????????????######??##########??????????????? | | ????????????????#######??## ## ###?????????????? | | ????????????????###"" "??### ###?????????????? | | ????????????????#" " ??### #### ##?????????????? | | ???????????????????" "## #### ####???????????? | | ????????????????????? ###< ## #####??????????? | | ????????????????????? # # < ####?????????? | | ????????????????????? # R@ c ###?????????? | | ????????????????????? # ##?????????? | | ????????????????????? #% #< # ##?????????? | | ????????????????????? ## ## ## ###?????????? | | ????????????????????? "# ### ###?????????? | | ?????????????????????? "## ### ##?????????? | | ?????????????????????" ""## ## ###?????????? | | ???????????????????? &<&### # ## ###?????????? | | ??????????????????#""<<<### ### ##??????????? | | ??????????????????######## ######??????????? | | ??????????????????##### ######??????????? | | ??????????????????##### ##??????????????? | | ????????????###??? ### ###??????????????? | | ????????????## ####??????????????? | | ????????????## "" ####???????????????? | | ????????????## """""" #####??????????????? | | ????????????## """ """""## #####??????????????? | | ??????????????##""##"" #### ######??????????? | | ??????????????###"######### #######??????????? | | ???????????????##"""### ## ### ##??????????? | | ???????????????## %%% ## ## ##??????????? | | ??????????????? ## ""%[ """ ###??????????? | | ???????????????? #"#= ""[ " ##???????????? | | ???????????????? ""# #"""""""" ##???????????? | | ????????????? !%& #" "" ##???????????? | +----------------------------------------------------+ Best States ------------- Heat Dissipation 25 Energy Generation 14 Energy Capacity 250 Matter Stores 300 Matter Capacity 300 Sight Range 16 Terrain Scan Density 10 Evasion (%) 55 Recoil Reduction 2 Item Schematics ----------------- None Robot Schematics ------------------ None Fabricated ------------ Nothing Repaired ---------- Nothing Studied --------- None Alien Tech Used ----------------- None Achievements -------------- Mistaken Identity Challenges ------------ None Game ------ Seed ScatterAbsorptionArticulator Manual? 0 Play Time 00:38:06 Cumulative 114.5 hours Start 2025.11.18 @ 07:56:59 End 2025.11.20 @ 18:26:36 Sessions 2 Manual Loads 0 Difficulty Rogue Special Mode None Game No. 54 Rogue 54 Adventurer 0 Explorer 0 Win Type - Total 4 Types 4/0/0/0/0/0/0/0/0/0 Lore% 43 Gallery% 44 Achievement% 38 Wizard Run 0 Options --------- Layout 0 ASCII 0 Keyboard 1 Movement Numpad Keybinds 0 Fullscreen 2 Font 36/Terminus Map View 76x50 Zoom Use 0% Tactical HUD 1 Map Filters NONE Filters NONE Steam 1 RUN: 048ed20a-0271-498e-9647-cea66f9db3ee